 Dungeon Crawl Stone Soup version 0.16-a0-4115-ga5ed934 (webtiles) character file.

2947 timbw the Cruncher (level 10, -4/66 HPs)
             Began as a Halfling Gladiator on Mar 1, 2015.
             Was a Priest of Okawaru.
             Slain by a crocodile (17 damage)
             ... on level 11 of the Dungeon.
             The game lasted 00:13:14 (3154 turns).

timbw the Cruncher (Halfling Gladiator)             Turns: 3154, Time: 00:13:14

Health: -4/66      AC:  5    Str: 15    XL:     10   Next: 7%
Magic:  10/10      EV: 22    Int:  7    God:    Okawaru [***...]
Gold:   174        SH:  0    Dex: 22    Spells: 0 memorised, 9 levels left

rFire  . . .     SeeInvis .     a - +0 quarterstaff
rCold  . . .     Clarity  .     b - +0 leather armour
rNeg   . . .     SustAb   .     (no shield)
rPois  +         Gourm    .     c - +1 helmet
rElec  .         Spirit   .     (no cloak)
rCorr  .         Warding  .     (no gloves)
rMut   .         Stasis   .     (no boots)
MR     .....                    (no amulet)
Stlth  ++........               r - ring of poison resistance
                                j - +3 ring of dexterity

@: very slightly contaminated, not resistant to hostile enchantments, unstealthy
A: mutation resistance 1
a: Heroism, Renounce Religion


You were on level 11 of the Dungeon.
You worshipped Okawaru.
Okawaru was most pleased with you.
You were not hungry.

You visited 1 branch of the dungeon, and saw 12 of its levels.

You collected 174 gold pieces.

Inventory:

Hand weapons
 a - a +0 quarterstaff (weapon)
 t - a cursed -3 blowgun
 y - a +0 whip
Missiles
 A - 10 poisoned needles
 F - 2 tomahawks (quivered)
Armour
 b - a +0 leather armour (worn)
 c - a +1 helmet (worn)
Jewellery
 j - a +3 ring of dexterity (left hand)
 l - an uncursed ring of positive energy
 r - a ring of poison resistance (right hand)
 C - the ring "Moeheun" {SustAb rC+ rN+ MP+9 Int+4}
   (You found it on level 7 of the Dungeon)

   [ring of sustain abilities]

   It sustains your strength, intelligence and dexterity.
   It affects your intelligence (+4).
   It protects you from cold.
   It protects you from negative energy.
   It affects your magic capacity (+9).
 H - an uncursed ring of see invisible
Magical devices
 i - a wand of disintegration (9)
 o - a wand of frost (21)
 s - a wand of polymorph (13)
 w - a wand of enslavement (11)
 B - a wand of paralysis (24)
Scrolls
 e - a scroll of identify
 h - 2 scrolls of remove curse
 k - 3 scrolls of recharging
 p - a scroll of fear
Potions
 d - 2 potions of flight
 g - a potion of restore abilities
 q - a potion of cancellation
 x - a potion of agility
Books
 u - a Grand Grimoire {highlevel, unknown}

   This book is beyond your current level of understanding.

   Spells                             Type                      Level
   a - Aura of Abjuration             Summoning                    6
   b - Summon Greater Demon           Summoning                    7
   c - Malign Gateway                 Summoning/Translocation      7
   d - Summon Horrible Things         Summoning                    8
Comestibles
 f - 3 bread rations
 m - 2 meat rations
 E - 3 slices of pizza


   Skills:
 + Level 5.2 Fighting
 * Level 8.8 Staves
 - Level 2.6 Throwing
 + Level 8.2 Dodging


You had 9 spell levels left.
You didn't know any spells.

Dungeon Overview and Level Annotations

Branches:
Dungeon (12/15)
 Temple: D:4-7         Lair: D:8-11         Orc: D:9-12

Altars:
Okawaru
Trog


Innate Abilities, Weirdness & Mutations

You are small and have problems with some larger weapons.
You are somewhat resistant to further mutation.


Message History

The gargoyle moves out of view.
The gargoyle hurls a stone arrow at you.
The stone arrow misses you.
The gargoyle hurls a stone arrow at you.
The stone arrow hits you!
Found an escape hatch in the ceiling.
A cyclops comes into view.
The cyclops moves out of view.
The cyclops throws a large rock.
The large rock closely misses you.
There is an escape hatch in the ceiling here.
The cyclops throws a large rock.
The large rock hits you!
* * * LOW HITPOINT WARNING * * *
A mysterious force pulls you upwards. The hatch slams shut behind you.
The yak bellows!
A crocodile and a yak come into view.
Found a stone staircase leading down.
A quokka, 2 yaks and a jelly come into view.
The yak bellows! x2
The crocodile bites you!
You die...

...... .......
.......### ....#....##
#....#..####.
#............. ..
##....Y...# .#.
#...t.#......... ...
#.#@..###Y..........
#........Y..Y... #Y##.
#.>.....##.#Y...##.%#.
#.....##.. # #...Y...
#.....# .## #..#.
#...... ## #...
#.....# #### .r..J#
..# #


You could see 4 yaks, a crocodile, a jelly and a quokka (sleeping).

Vanquished Creatures
  An unseen horror (D:11)
  A gargoyle (D:12)
  4 hungry ghosts
  A wraith (D:11)
  A phantom (D:9)
  An eye of draining (D:9)
  2 sky beasts
  An ogre (D:11)
  A big kobold (D:7)
  2 scorpions
  A giant frog (D:7)
  4 wights (D:9)
  4 hounds
  A quasit (D:11)
  A centaur skeleton (D:10)
  A jelly (D:7)
  7 orc wizards
  A worker ant zombie (D:7)
  5 adders
  4 gnolls
  A shadow imp (D:7)
  A giant mite (D:7)
  An adder skeleton (D:7)
  4 giant geckos
  An ooze (D:1)
  30 orcs
  6 goblins
  7 hobgoblins
  4 jackals (D:7)
  17 kobolds
  2 quokkas
  4 bats
  3 giant cockroaches
  A giant newt (D:3)
  An orc skeleton (D:7)
  A rat (D:2)
128 creatures vanquished.

Notes
Turn   | Place    | Note
--------------------------------------------------------------
     0 | D:1      | timbw, the Halfling Gladiator, began the quest for the Orb.
     0 | D:1      | Reached XP level 1. HP: 14/14 MP: 1/1
   193 | D:2      | Reached XP level 2. HP: 19/19 MP: 2/2
   291 | D:3      | Reached XP level 3. HP: 7/24 MP: 3/3
   465 | D:3      | Found an iron altar of Okawaru.
   478 | D:3      | Reached XP level 4. HP: 19/29 MP: 4/4
   490 | D:3      | Became a worshipper of Warmaster Okawaru
   711 | D:2      | You fall through a shaft!
   875 | D:4      | Noticed a phantom
   881 | D:4      | Reached skill level 4 in Staves
   881 | D:4      | Reached XP level 5. HP: 21/34 MP: 5/5
  1140 | D:5      | Entered Level 5 of the Dungeon
  1309 | D:7      | Reached XP level 6. HP: 39/39 MP: 6/6
  1311 | D:7      | Noticed a hungry ghost
  1347 | D:7      | Acquired Okawaru's first power
  1375 | D:7      | Killed a hungry ghost
  1375 | D:7      | Reached skill level 5 in Staves
  1375 | D:7      | Reached skill level 5 in Dodging
  1375 | D:7      | Reached XP level 7. HP: 11/44 MP: 7/7
  1560 | D:7      | Noticed a sky beast
  1579 | D:7      | Killed a sky beast
  1604 | D:7      | Got a brightly glowing turquoise ring
  1606 | D:7      | Identified the ring "Moeheun" {SustAb rC+ rN+ MP+9 Int+4} (You found it on level 7 of the Dungeon)
  1821 | D:7      | Reached skill level 6 in Staves
  1976 | D:7      | Reached XP level 8. HP: 32/50 MP: 5/8
  1981 | D:7      | Noticed a hungry ghost
  1998 | D:7      | Killed a hungry ghost
  2369 | D:9      | Reached skill level 7 in Staves
  2407 | D:10     | Entered Level 10 of the Dungeon
  2474 | D:10     | You fall through a shaft!
  2488 | D:11     | Reached XP level 9. HP: 23/58 MP: 6/9
  2771 | D:11     | Found a bloodstained altar of Trog.
  2771 | D:11     | Noticed a wizard
  2829 | D:11     | Reached skill level 8 in Staves
  2853 | D:11     | Noticed an unseen horror
  2869 | D:11     | Killed an unseen horror
  2869 | D:11     | Reached skill level 5 in Fighting
  2890 | D:11     | Noticed a hill giant
  2946 | D:12     | Noticed a gargoyle
  2971 | D:12     | Killed a gargoyle
  2971 | D:12     | Reached XP level 10. HP: 10/66 MP: 8/10
  3140 | D:12     | Noticed a gargoyle
  3147 | D:12     | Noticed a cyclops
  3154 | D:11     | Slain by a crocodile

Action                   |  1- 3 |  4- 6 |  7- 9 | 10-12 || total
-------------------------+-------+-------+-------+-------++-------
Melee: Quarterstaff      |    52 |   158 |   370 |       ||   580
Throw: Throwing net      |     6 |     4 |       |       ||    10
Invok: Heroism           |       |     1 |    13 |       ||    14
  Use: Potion            |       |     4 |     6 |       ||    10
       Scroll            |       |       |    12 |     2 ||    14
 Stab: Held in net/web   |     2 |     1 |       |       ||     3
       Distracted        |       |     1 |       |       ||     1
       Sleeping          |       |     1 |       |       ||     1
  Eat: Bread ration      |       |     2 |     1 |       ||     3
       Chunk             |       |       |     2 |       ||     2
